 Dungeon Crawl Stone Soup version 0.17-a0-1763-g847a857 (webtiles) character file.

222 Leibowitz the Shield-Bearer (level 5, 0/45 HPs)
             Began as a Demigod Fighter on Sept 5, 2015.
             Killed from afar by an orc wizard (2 damage)
             ... with a magic dart
             ... on level 4 of the Dungeon.
             The game lasted 00:11:25 (4106 turns).

Leibowitz the Shield-Bearer (Demigod Fighter)       Turns: 4106, Time: 00:11:28

Health: 0/45       AC:  4    Str: 19    XL:     5   Next: 38%
Magic:  7/7        EV: 11    Int: 12    God:
Gold:   111        SH: 11    Dex: 21    Spells: 0 memorised, 4 levels left

rFire  . . .     SeeInvis .     a - +1 long sword
rCold  . . .     Clarity  .     e - +1 leather armour {rPois}
rNeg   . . .     SustAt   +     c - +1 shield
rPois  +         Gourm    .     (no helmet)
rElec  .         Spirit   .     (no cloak)
rCorr  .         Warding  .     (no gloves)
rMut   .         Stasis   .     (no boots)
MR     .....                    m - amulet of regeneration
Stlth  ++........               j - +4 ring of dexterity
                                (no ring)

@: lethally poisoned (0 -> -3), not resistant to hostile enchantments,
unstealthy
A: high mp 1, sustain attributes
a: no special abilities


You were on level 4 of the Dungeon.
You were not hungry.

You visited 1 branch of the dungeon, and saw 4 of its levels.

You collected 111 gold pieces.

Inventory:

Hand weapons
 a - a +1 long sword (weapon)
 b - a +0 blowgun
Missiles
 q - 14 poisoned needles
Armour
 c - a +1 shield (worn)
 e - a +1 leather armour of poison resistance (worn)
Jewellery
 j - a +4 ring of dexterity (right hand)
 l - an uncursed ring of teleportation
 m - an amulet of regeneration (around neck)
Scrolls
 f - 2 scrolls of fog
 h - a scroll of magic mapping
 i - a scroll of blinking
Potions
 n - a potion of flight
Comestibles
 k - a slice of pizza
 o - 3 bread rations
 p - a meat ration


   Skills:
 + Level 3.2 Fighting
 + Level 2.5 Long Blades
 + Level 3.2 Armour
 + Level 2.4 Dodging
 + Level 1.1 Stealth
 + Level 3.8 Shields


You had 4 spell levels left.
You didn't know any spells.

Dungeon Overview and Level Annotations

Branches:
Dungeon (4/15)
 Temple: D:4-7

Annotations:
D:3 max's ghost, average MiFi


Innate Abilities, Weirdness & Mutations

You have an increased reservoir of magic (+10% MP).
Your attributes are resistant to harm.


Message History

You miss something.
You feel sick. You block its attack. Something hits you.
You hit something.
You feel sick.
You hear some strange, mumbled words.
A puff of flame appears from out of thin air!
The puff of flame hits you! Something hits you.
You hit something.
You feel sick.
You hear some strange, mumbled words.
A puff of frost appears from out of thin air!
The puff of frost hits you!
* * * LOW HITPOINT WARNING * * *
Something hits you.
* * * LOW HITPOINT WARNING * * *
Drink which item? (? for menu, Esc to quit)
It was a potion of cancellation.
You feel magically purged.
You feel sick. Something hits you.
* * * LOW HITPOINT WARNING * * *
You hear some strange, mumbled words.
A magic dart appears from out of thin air!
The magic dart hits you!
You die...

###......#####
..............#
.......#.....#.#
########.###.#.#
.....>....#.#.#
#####.###.#.#.#
#.......#...#
#......######.#
#........@)oo.#
#.##.#.########
#. #...# .....#
#.###..# . #..#
##.. #.


You could see 2 orcs.

Vanquished Creatures
  An orc priest (D:3)
  A worker ant (D:3)
  An orc wizard (D:3)
  3 adders
  2 oozes
  5 worms
  5 giant geckos
  9 orcs
  A ball python (D:2)
  2 giant cockroaches
  8 hobgoblins
  4 jackals
  3 quokkas (D:3)
  10 bats
  5 giant newts
  5 goblins
  16 kobolds
  8 rats
  A bush (D:3)
  A plant (D:3)
91 creatures vanquished.

Notes
Turn   | Place    | Note
--------------------------------------------------------------
     0 | D:1      | Leibowitz the Demigod Fighter began the quest for the Orb.
     0 | D:1      | Reached XP level 1. HP: 18/18 MP: 3/3
   791 | D:1      | Reached XP level 2. HP: 23/25 MP: 4/4
   852 | D:1      | Reached skill level 3 in Shields
  1470 | D:2      | Reached skill level 1 in Dodging
  1470 | D:2      | Reached XP level 3. HP: 20/30 MP: 5/5
  1593 | D:2      | Found a burning altar of Makhleb.
  2665 | D:3      | Noticed max's ghost (average MiFi)
  2685 | D:3      | Reached XP level 4. HP: 13/38 MP: 6/6
  3237 | D:3      | Reached skill level 1 in Stealth
  3468 | D:3      | Reached XP level 5. HP: 8/45 MP: 7/7
  4106 | D:4      | HP: 2/45 [something (3)]
  4106 | D:4      | Killed from afar by an orc wizard

Vault maps used:
D:1:      dpeg_chamrin_arrival_tetris
D:2:      bloody_makhleb
D:3:      lemuel_upstairs_altar, lexackson_kobold_supper
D:4:      nicolae_qazlal_eye_of_the_storm, portal_sewer_entry_a, first_bread,
          uniq_grinder, uniq_duvessa, uniq_pikel

Action                   |  1- 3 |  4- 6 || total
-------------------------+-------+-------++-------
Melee: Long sword        |   202 |   176 ||   378
  Use: Potion            |     3 |     2 ||     5
       Scroll            |     7 |     1 ||     8
 Stab: Sleeping          |     2 |     2 ||     4
       Distracted        |       |     1 ||     1
  Eat: Chunk             |     6 |     6 ||    12
